 Dungeon Crawl Stone Soup version 0.26-a0-667-g92642533e4 (webtiles) character file.

Game seed: 4760924341025494415

53 Flugkiller the Sneak (level 3, -2/26 HPs)
             Began as an Octopode Delver on Oct 16, 2020.
             Shot with an arrow by a centaur (11 damage)
             ... on level 5 of the Dungeon.
             The game lasted 00:00:42 (49 turns).

Flugkiller the Sneak (Octopode Delver)                Turns: 49, Time: 00:00:42

Health: -2/26      AC:  1    Str: 11    XL:     3   Next: 87%
Magic:  3/3        EV: 13    Int: 12    God:
Gold:   0          SH:  0    Dex: 14    Spells: 2/2 levels left

rFire    . . .     SeeInvis .   a - +0 falchion
rCold    . . .     Faith    .   (no shield)
rNeg     . . .     Spirit   .   (helmet restricted)
rPois    .         Reflect  .   (no amulet)
rElec    .         Harm     .   (no ring)
rCorr    .         Rampage  .   (no ring)
MR       .....                  (no ring)
Stlth    ++++......             (no ring)
HPRegen  0.08/turn              (no ring)
MPRegen  0.08/turn              (no ring)
                                (no ring)
                                (no ring)

@: hasted, bezotted, very quick
A: almost no armour, stealthy swim, amphibious, 8 rings, constrict 8, camouflage
1, gelatinous body 1
a: no special abilities


You were on level 5 of the Dungeon.
You visited 1 branch of the dungeon, and saw 1 of its levels.

Inventory:

Hand Weapons
 a - a +0 falchion (weapon)
Wands
 f - a wand of digging (3)
Scrolls
 b - a scroll of fog
 c - a scroll of magic mapping
 d - a scroll of enchant weapon {unknown}


   Skills:
 - Level 3.0 Fighting
 + Level 4.1 Long Blades
 - Level 2.0 Dodging
 - Level 6.6 Stealth


You had 2 spell levels left.
You didn't know any spells.
Your spell library was empty.

Dungeon Overview and Level Annotations

Branches:
Dungeon (5/15)
 Temple: D:4-7

Altars:


Innate Abilities, Weirdness & Mutations

You cannot wear most types of armour.
You are very stealthy in the water. (Stealth+)
You are amphibious.
You can wear up to eight rings at the same time.
You can use your tentacles to constrict eight enemies at once.
Your skin changes colour to match your surroundings (Stealth+).
Your rubbery body absorbs attacks. (AC +1, EV +1)


Message History

Okay, then.
Found a scroll labeled TUEQUT POPIU.
You set off the alarm!
A sentinel's mark forms upon you.
You hear a shout! x3
A centaur comes into view.
Found 3 scrolls labeled UMELUNKUCE.
Found a stone staircase leading up.
As you read the scroll of fear, it crumbles to dust.
You assume a fearsome visage.
The centaur looks frightened!
A scorpion comes into view.
A centaur skeleton comes into view.
The centaur prays for help.
You see here a scroll labeled TUEQUT POPIU.
d - a scroll labeled TUEQUT POPIU The scorpion misses you.
You riposte.
You hit the scorpion but do no damage. You grab the scorpion.
You release your grip on the scorpion.
You feel yourself speed up. The scorpion stings you!
Ouch! That really hurt!
* * * LOW HITPOINT WARNING * * *
You hit the scorpion. You grab the scorpion.
The scorpion is lightly wounded.
You constrict the scorpion. The scorpion completely misses you.
You barely miss the scorpion.
The scorpion is lightly wounded.
You constrict the scorpion. The scorpion stings you.
* * * LOW HITPOINT WARNING * * *
You hit the scorpion. You squeeze the scorpion!
The scorpion is severely wounded.
You constrict the scorpion, but do no damage.
You hit the scorpion but do no damage.
The scorpion is severely wounded.
You constrict the scorpion. The scorpion misses you.
You hit the scorpion.
You kill the scorpion!
Your Long Blades skill gained 2 levels and is now at level 4!
You have reached level 2!
You have reached level 3!
Your experience leads to an increase in your attributes!
Increase (S)trength, (I)ntelligence, or (D)exterity?
You feel agile.
The centaur seems to regain its courage.
Unknown command.
You aren't carrying any potions.
Okay, then.
The sentinel's mark upon you fades away.
A white imp comes into view.
The centaur wields a +0 shortbow.
The centaur shoots an arrow.
The arrow hits you!
You die...

.... .. #5..
## #.###..#
.. #..##..#
.###..##..#
.....##..#
#.##.##..#
#.##.##@.#
####c.......#
#?....Z.....#
#.........###
#.###.###.#
#.# #†# #.#
#Z# #.# #.#
#.# #.# #.#
#c# #.# #.#


You could see a centaur, a white imp and a centaur skeleton.

Vanquished Creatures
  A scorpion (D:5)
1 creature vanquished.

Notes
Turn   | Place    | Note
-------+----------+-------------------------------------------
     0 | D:5      | Flugkiller the Octopode Delver began the quest for the Orb.
     0 | D:5      | Reached XP level 1. HP: 16/16 MP: 1/1
    12 | D:5      | Noticed a centaur
    13 | D:5      | Noticed a scorpion
    26 | D:5      | Killed a scorpion
    26 | D:5      | Reached XP level 2. HP: 6/21 MP: 2/2
    26 | D:5      | Reached XP level 3. HP: 8/26 MP: 3/3
    49 | D:5      | Shot with an arrow by a centaur

Illustrated notes

Levels and vault maps discovered:
D:5:      layout_loops_ring, nicolae_tso_carved_into_rock,
          nicolae_dithmenos_the_darkroom, minmay_temple_entry_junction,
          serial_shops, shop, nicolae_shop_stone

Skill      XL: |  1 |
---------------+----+-----
Long Blades    | 4 |  4.1
Fighting       | |  3.0
Dodging        | |  2.0
Stealth        | |  6.6

Action                   || total
-------------------------++-------
Melee: Falchion          ||     5
       Constrict         ||     2
       Tentacles         ||     1
  Use: Scroll            ||     1
       Potion            ||     1
Dodge: Dodged            ||     3
       Rpst.: Falchion   ||     1

Table legend: (Time is in decaauts)
 A = Elapsed time spent in this place.
 B = Non-inter-level travel time spent in this place.
 C = Inter-level travel time spent in this place.
 D = Time resting spent in this place.
 E = Time spent auto-exploring this place.
 F = Levels seen in this place.
 G = Mean time per level.
                   A        B        C        D        E       F      G
               +--------+--------+--------+--------+--------+-----+--------+
         Total |     40 |     40 |      0 |      0 |      0 |   1 |   40.0 |
       Dungeon |     40 |     40 |      0 |      0 |      0 |   1 |   40.0 |
               +--------+--------+--------+--------+--------+-----+--------+

Top non-repeatable levels by time:
     D:5: 40 daAuts
